[Event "*** Titled Tuesday Blitz"]
[Site "Chess.com"]
[Date "2021.04.27"]
[Round "5"]
[White "gurelediz"]
[Black "GameOverBro"]
[Result "0-1"]
[WhiteElo "2676"]
[BlackElo "2523"]
[TimeControl "180+1"]
[EndTime "10:57:22 PDT"]
[Termination "GameOverBro won by resignation"]

1. e4 d6 2. d4 Nf6 3. Nc3 e5 4. dxe5 dxe5 5. Qxd8+ Kxd8 6. Bc4 Ke8 7. Nf3 Bd6 8. Bg5 Nbd7 9. O-O-O a6 10. Rhe1 b5 11. Bd5 Nxd5 12. Nxd5 f6 13. Be3 Bb7 14. Rd2 Rd8 15. Red1 Bc6 16. Nh4 g6 17. g4 Kf7 18.
g5 Bxd5 19. Rxd5 Ke6 20. b3 f5 21. exf5+ gxf5 22. f4 exf4 23. Bd4 Kxd5 24. Bxh8+ Kc6 25. Bg7 Nb6 26. c3 Nd5 27. Nxf5 Rd7 28. h4 Rf7 29. Nd4+ Kb7 30. Bh6 Nxc3 31. Rf1 c5 32. Nf3 Ne2+ 33. Kd2 Ng3 34. Rd1 Kc6 35. Kc2 a5 36. a4 bxa4 37. bxa4 Rf5 38. Rb1 Rd5 39. Re1 c4 40. Re8 Bb4 41.
Rc8+ Kd7 42. Rxc4 Nf1 43. Rxf4 Ne3+ 44. Kb3 Nf5 45. Kc4 Ke6 46. Re4+ Kd6 47. Bf8+ Kc6 48. Bxb4 axb4 49. Ne5+ Kd6 50. Nf7+ Kc6 51. Re6+ Nd6+ 52.
Rxd6+ Rxd6 53. Nxd6 b3 54. Kb4 b2 55. Nc4 b1=Q+ 56.
Kc3 Qc1+ 57. Kd3 Qf1+ 58. Kc3 Qe1+ 59. Kb3 Qxh4 60. Ne5+ Kd5 61. Nd3 Qxg5 62. a5 Qe3 63. Kc3 Ke4 64. a6 Qxd3+ 0-1

[Event "*** Titled Tuesday Blitz"]
[Site "Chess.com"]
[Date "2021.04.27"]
[Round "5"]
[White "Valeron87"]
[Black "Nozdrachev_Leonid"]
[Result "0-1"]
[WhiteElo "2415"]
[BlackElo "2613"]
[TimeControl "180+1"]
[EndTime "10:57:22 PDT"]
[Termination "Nozdrachev_Leonid won on time"]

1. e4 d6 2. d4 Nf6 3. Nc3 e5 4. Nf3 Nbd7 5. Bc4 Be7 6. a4 O-O 7. O-O c6 8. a5 Qc7 9. Re1 h6 10.
Ba2 Re8 11. Nh4 exd4 12. Qxd4 Nc5 13. Ng6 Ne6 14. Nxe7+ Qxe7 15. Qc4 Ng5 16. Bf4 d5 17. Qd4 dxe4 18. Bd6 Qd8 19. Rad1 Be6 20. Bxe6 Rxe6 21. Qb4 Qe8 22. h4 Ngh7 23. Qxb7 e3 24. Bc5 Ng4 25. fxe3 Rg6 26. Rd7 Nf8 27. Rd2 Qe5 28. Bd6 Qe8 29. Qc7 a6 30. Qe7 Qc8 31. Rf1 Rf6 32. Rxf6 Nxf6 33.
Qxf8+ Qxf8 34. Bxf8 Kxf8 35. Rd6 Rc8 36. Na4 Ke7 37. Rd4 c5 38. Rc4 Nd7 39. e4 Kd6 40. Kf2 Ne5 41. Rc3 c4 42. Nb6 Rc5 43. b3 cxb3 44. Rxc5 Kxc5 45. cxb3 Kb4 46. Ke3 Kxa5 47.
Nd5 Kb5 48. Kd4 f6 49. g3 Nc6+ 50. Kc3 Ne5 51. h5 Kc5 52. Nc7 Kd6 53. Nxa6 Nc6 54.
Nb4 Na5 55. Nd5 Ke5 56. b4 Nc6 57. b5 Nd4 58. b6 Nb5+ 59. Kb4 Nd6 0-1

[Event "*** Titled Tuesday Blitz"]
[Site "Chess.com"]
[Date "2021.04.27"]
[Round "5"]
[White "starplatinum2030"]
[Black "profofchess"]
[Result "0-1"]
[WhiteElo "2291"]
[BlackElo "2481"]
[TimeControl "180+1"]
[EndTime "10:57:22 PDT"]
[Termination "profofchess won by resignation"]

1. d4 Nf6 2. Nf3 e6 3. Nbd2 c5 4. e3 b6 5. Be2 cxd4 6. exd4 Bb7 7. O-O Be7 8. c3 O-O 9. Re1 d6 10. Nf1 Nbd7 11. Bf4 Re8 12. Bd3 a6 13. a4 Nf8 14.
h3 Ng6 15. Bh2 Nd5 16. Ne3 Ndf4 17. Bf1 Qc7 18. Bxf4 Nxf4 19. g3 Ng6 20. Bg2 b5 21. Nd2 Bxg2 22. Kxg2 b4 23. c4 Bf6 24. Ne4 Qb7 25.
f3 Be7 26. b3 f5 27. Nf2 f4 28. Nf1 fxg3 29. Ne4 d5 30. cxd5 Qxd5 31. Nfxg3 Rad8 32. Ne2 Nh4+ 33. Kf2 Rf8 34. Ng1 e5 35. Qd3 exd4 36.
Ng3 Bg5 37. Qc4 Be3+ 38. Ke2 Qxc4+ 39. bxc4 Bxg1 40. Rxg1 d3+ 41. Ke3 Rxf3+ 42. Kd2 Rf2+ 43. Ke3 Rc2 44. Ne4 Nf5+ 45. Kf4 Nd4 46. Ke5 Nf3+ 47.
Ke6 Nxg1 48. Rxg1 Re8+ 49. Kd5 Kh8 50. Rd1 Rd8+ 51. Nd6 d2 52. c5 b3 53. c6 b2 54. c7 Rxd6+ 55. Kxd6 h6 56. Rxd2 Rxd2+ 57. Ke7 Rc2 58. c8=Q+ Rxc8 59. Kd7 Rc2 0-1

[Event "*** Titled Tuesday Blitz"]
[Site "Chess.com"]
[Date "2021.04.27"]
[Round "5"]
[White "tylityli"]
[Black "esrosenberg"]
[Result "1/2-1/2"]
[WhiteElo "2334"]
[BlackElo "2213"]
[TimeControl "180+1"]
[EndTime "10:57:22 PDT"]
[Termination "Game drawn by repetition"]

1. d4 Nf6 2. c4 e6 3. Nc3 Bb4 4. e3 O-O 5. Ne2 d5 6. a3 Be7 7.
cxd5 exd5 8. g3 c6 9. Bg2 Nbd7 10. O-O Nb6 11. f3 Re8 12. e4 dxe4 13. fxe4 Bg4 14.
e5 Nfd5 15. h3 Bh5 16. g4 Bg6 17. Nf4 Nxf4 18. Bxf4 Nc4 19. Ra2 Qb6 20. Na4 Qa6 21.
b3 Nb6 22. Nc5 Bxc5 23. dxc5 Rad8 24. Rd2 Rxd2 25. Qxd2 Nd5 26. Bxd5 cxd5 27. Qxd5 Qxa3 28. Rd1 h5 29. c6 bxc6 30. Qxc6 Re6 31. Qc4 hxg4 32.
hxg4 Qb2 33. Rd2 Qb1+ 34. Kg2 Qe4+ 35. Qxe4 Bxe4+ 36. Kf2 Rb6 37. Rd4 Bc6 38. b4 Kh7 39. Ke3 Kg6 40. Kd3 Ra6 41. Kc4 Ba4 42. Rd6+ Rxd6 43.
exd6 Bd7 44. Be3 a6 45. g5 Kf5 46. Kc5 Ke4 47. Bd2 Ke5 48. Be3 Ke6 49. Bf4 Kf5 50. Bd2 Ke6 51. Be3 Bb5 52. Bf4 Kd7 53. Be3 g6 54. Bd4 Be2 55. Bf6 Bb5 56. Be7 Be2 57.
Bf6 Bb5 58. Be7 Be2 59. Bf6 1/2-1/2

[Event "*** Titled Tuesday Blitz"]
[Site "Chess.com"]
[Date "2021.04.27"]
[Round "5"]
[White "CraiggoryC"]
[Black "karwowskikacper"]
[Result "1-0"]
[WhiteElo "2229"]
[BlackElo "2409"]
[TimeControl "180+1"]
[EndTime "10:57:23 PDT"]
[Termination "CraiggoryC won by checkmate"]

1. e4 g6 2. d4 Bg7 3. Nc3 c5 4. Nf3 cxd4 5. Nxd4 Nc6 6. Be3 Nf6 7. Bc4 O-O 8. Bb3 a5 9. O-O a4 10. Nxa4 Nxe4 11.
Nb5 Ra6 12. c4 d6 13. c5 dxc5 14. Nxc5 Nxc5 15. Bxc5 Bxb2 16. Qxd8 Rxd8 17. Rad1 Rxd1 18.
Rxd1 Bg4 19. f3 Be6 20. Bxe6 fxe6 21. Rd7 Rxa2 22. Rxb7 Bf6 23. Rc7 Ne5 24. Bxe7 Nd3 25. Bxf6 Rd2 26. h4 Nf4 27. Bg5 Rxg2+ 28. Kf1 Rb2 29.
Rc8+ Kg7 30. Rc7+ Kg8 31. Bxf4 Rxb5 32. Bg5 Rf5 33. Kg2 e5 34. Kg3 Kf8 35. Kg4 h5+ 36. Kg3 Kg8 37. Bh6 Rf6 38. Rg7+ Kh8 39. Re7 Rf5 40.
Bg7+ Kg8 41. Bxe5 g5 42. Rg7+ Kf8 43. Rxg5 Rxg5+ 44. hxg5 Kf7 45. Kh4 Kg6 46. Bf4 Kf5 47. Kxh5 Ke6 48. g6 Kf6 49. Kh6 Ke6 50. Kh7 Ke7 51.
g7 Kf6 52. Bc1 Ke5 53. g8=Q Kf6 54. Qg6+ Ke5 55. Qe4+ Kf6 56. f4 Kf7 57. f5 Kf6 58. Bg5+ Kxg5 59. Qe6 Kf4 60. f6 Kg5 61. f7 Kh5 62.
f8=Q Kh4 63. Qfh6+ Kg3 64. Qeg6+ Kf3 65. Qf7+ Ke4 66.
Qhe6+ Kd4 67. Qfd7+ Kc3 68. Qec6+ Kb4 69. Qdb7+ Ka3 70. Qca6# 1-0

[Event "*** Titled Tuesday Blitz"]
[Site "Chess.com"]
[Date "2021.04.27"]
[Round "5"]
[White "chessdjw"]
[Black "gross-aleks"]
[Result "1-0"]
[WhiteElo "2740"]
[BlackElo "2567"]
[TimeControl "180+1"]
[EndTime "10:57:24 PDT"]
[Termination "chessdjw won on time"]

1. e4 e5 2. Nf3 Nf6 3. Nxe5 d6 4. Nf3 Nxe4 5. d4 Be7 6. Bd3 d5 7. O-O O-O 8. c4 c6 9. Qc2 Nf6 10. Nc3 dxc4 11. Bxc4 Nbd7 12. Re1 Nb6 13. Bb3 Bg4 14. Ne5 Bh5 15. Bg5 Rc8 16. Qf5 Bg6 17. Nxg6 hxg6 18. Qxg6 Nfd5 19. Bxe7 Nxe7 20. Qh5 g6 21. Qg4 Ned5 22.
Re5 Kg7 23. Rae1 Rc7 24. h4 Nf6 25. Qf4 Rd7 26. Ne2 Rh8 27. Rg5 Nfd5 28. Qg3 Qf6 29. Nc3 Nxc3 30. bxc3 Re7 31. Rxe7 Qxe7 32. Qe5+ Qf6 33. g3 Nd7 34. Qxf6+ Kxf6 35. Rg4 Ke7 36. Re4+ Kf8 37. Kg2 Rh7 38. Kf3 Nf6 39. Re1 Nd7 40. Kf4 Rh5 41. a4 Rf5+ 42. Ke3 a5 43. f4 Rf6 44.
Kf3 Rd6 45. g4 c5 46. d5 c4 47. Bxc4 Nc5 48. Ra1 Rb6 49. Ke3 Rb2 50. Kd4 Nd7 51.
Bd3 Ke7 52. c4 Kd6 53. Rf1 Nc5 54. Rf3 Rb4 55. Rh3 Rxa4 56. h5 b5 57. h6 bxc4 58. Bxc4 f5 59. h7 1-0

[Event "*** Titled Tuesday Blitz"]
[Site "Chess.com"]
[Date "2021.04.27"]
[Round "5"]
[White "riospm"]
[Black "ybruned"]
[Result "1-0"]
[WhiteElo "2528"]
[BlackElo "2357"]
[TimeControl "180+1"]
[EndTime "10:57:24 PDT"]
[Termination "riospm won by resignation"]

1. e4 b6 2. d4 Bb7 3. Bd3 e6 4. c4 f5 5. exf5 Bxg2 6. Qh5+ g6 7. fxg6 Bg7 8. gxh7+ Kf8 9. hxg8=Q+ Kxg8 10. Qg4 Bxh1 11.
Bf4 Qh4 12. Qxh4 Rxh4 13. Bxc7 Bxd4 14. Nc3 Bxc3+ 15. bxc3 Bb7 16. Ne2 Na6 17. Bg3 Rh6 18.
Nd4 Nc5 19. Be2 Kf7 20. Nb5 Bc6 21. Nd6+ Ke7 22. O-O-O Ne4 23. Nxe4 Bxe4 24. Rd4 Bc6 25. Rg4 Rf8 26. Rg7+ Rf7 27. Rg8 a5 28. a3 Bf3 29.
Bd3 Bc6 30. Kd2 a4 31. h4 Rff6 32. Rb8 Rf8 33. Rxb6 Rhh8 34. c5 Ra8 35. Rb4 Rhg8 36. Be2 Bd5 37. h5 Rh8 38. Rh4 Rh7 39. Bd3 Rah8 40. Bxh7 Rxh7 41. h6 Kf6 42. Bf4 Kf5 43. Be3 Bb3 44. c4 Ke5 45. Kc3 Kf6 46. Rf4+ Kg6 47. Rd4 Rf7 48. Rd6 Kh7 49. c6 dxc6 50.
Rxe6 c5 51. Rc6 Rf5 52. Rxc5 Rxc5 53. Bxc5 Kxh6 54. Kb4 Kg5 55. Be3+ Kf5 56. c5 Ke6 57. Kb5 Kd7 58. Kb6 Bd5 59. f4 Bc6 60. f5 Bd5 61. f6 Kc8 62. Bf4 Bb3 63. Bd6 Bd5 64. c6 Bb3 65. Kc5 Kd8 66. Be5 Ba2 67. Kd6 Kc8 68.
c7 Bb3 69. Ke7 Kb7 70. f7 Bxf7 71. Kxf7 Kc8 72. Ke7 1-0

[Event "*** Titled Tuesday Blitz"]
[Site "Chess.com"]
[Date "2021.04.27"]
[Round "5"]
[White "pavelalexandru07"]
[Black "retropwr"]
[Result "0-1"]
[WhiteElo "2338"]
[BlackElo "2245"]
[TimeControl "180+1"]
[EndTime "10:57:24 PDT"]
[Termination "retropwr won by resignation"]

1. e4 d6 2. d4 Nf6 3. Nc3 g6 4. Nf3 Bg7 5. Bc4 O-O 6. O-O Nxe4 7. Nxe4 d5 8. Bd3 dxe4 9. Bxe4 Nd7 10. Re1 c5 11. Be3 Qa5 12. c3 cxd4 13. Nxd4 Nf6 14.
Bf3 Rd8 15. Qe2 Nd5 16. Nb3 Qc7 17. Rad1 e6 18. Bxd5 exd5 19. Bd4 Be6 20. Bxg7 Kxg7 21. Nd4 Re8 22. Qd3 Rad8 23. Re3 a6 24. Rde1 Bd7 25.
Qd2 Rxe3 26. Rxe3 Re8 27. Rxe8 Bxe8 28. Ne2 Qc4 29. b3 Qe4 30. Qd4+ f6 31. Qxe4 dxe4 32. Nd4 Kf7 33. Kf1 Ke7 34. Ke2 Kd6 35. Ke3 Ke5 36.
f4+ exf3 37. Nxf3+ Kd5 38. Nd2 Bc6 39. Ne4 Ke5 40.
Nc5 Bxg2 41. Nd3+ Kd6 42. Kd4 g5 43. c4 b6 44. b4 Bc6 45. c5+ bxc5+ 46. Nxc5 Bb5 47. a4 Bf1 48. Ne4+ Ke6 49. Nc5+ Ke7 50. Kc3 f5 51. Kd4 Kd6 52. Nb3 h5 53. Nd2 Be2 54. Nb3 h4 55. Nc5 g4 56. b5 axb5 57. a5 b4 58. a6 Bxa6 59. Nxa6 b3 60. Kc3 g3 61. hxg3 hxg3 62. Nb4 g2 63. Nd3 g1=Q 64.
Kxb3 Qe3 65. Kc2 Qe2+ 66. Kc3 Qe3 67. Kc2 f4 68. Kc3 f3 69. Kc2 Qe2+ 70. Kc3 f2 71. Nxf2 Qxf2 72. Kd3 Qf3+ 0-1

[Event "*** Titled Tuesday Blitz"]
[Site "Chess.com"]
[Date "2021.04.27"]
[Round "5"]
[White "Sueetin"]
[Black "tusplingher"]
[Result "1-0"]
[WhiteElo "2501"]
[BlackElo "2268"]
[TimeControl "180+1"]
[EndTime "10:57:26 PDT"]
[Termination "Sueetin won on time"]

1. d4 Nf6 2. c4 c5 3. d5 b5 4.
Qc2 bxc4 5. e4 d6 6. Bxc4 g6 7. Nf3 Bg7 8. O-O O-O 9. Re1 Ba6 10. Na3 Bxc4 11. Nxc4 Nbd7 12. Bg5 Ng4 13. Rad1 Nge5 14.
Nfxe5 Nxe5 15. b3 Nxc4 16. Qxc4 Rb8 17. Bd2 Qc7 18. Bc3 Bxc3 19. Qxc3 f6 20. Re3 Rb4 21. Rde1 Qd7 22. Rg3 Kf7 23. h4 Rd4 24. h5 Rg8 25.
Qf3 g5 26. Rd1 Rxd1+ 27. Qxd1 h6 28. Qd3 g4 29. Qe3 Rg5 30. Qf4 Rxh5 31. Rxg4 Rg5 32. Rh4 h5 33. Qf3 Kg6 34. Qd3 Rg4 35. e5+ f5 36. e6 Qe8 37. Rh3 Kf6 38. Rf3 Qg6 39. Qc3+ Rd4 40. Rg3 Qh6 41. Kh2 h4 42. Rf3 Qg5 43.
b4 Kg6 44. bxc5 Rg4 45. g3 hxg3+ 46. Rxg3 Rxg3 47. fxg3 dxc5 48. Qxc5 Qd2+ 49. Kh3 Qh6+ 50. Kg2 Qd2+ 51. Kf3 Qd3+ 52. Kf2 Qd2+ 53. Kf3 Qd3+ 54.
Kg2 Qe2+ 55. Qf2 Qe4+ 56. Qf3 Qc2+ 57. Kh3 Qc5 58. Qd3 Qd6 59. g4 Kg7 60. Qxf5 Qa3+ 61.
Kh4 1-0

[Event "*** Titled Tuesday Blitz"]
[Site "Chess.com"]
[Date "2021.04.27"]
[Round "5"]
[White "ajedrez1101"]
[Black "GoValya"]
[Result "1-0"]
[WhiteElo "2166"]
[BlackElo "2257"]
[TimeControl "180+1"]
[EndTime "10:57:28 PDT"]
[Termination "ajedrez1101 won by resignation"]

1. b3 d5 2. Bb2 c6 3. e3 Nf6 4.
Nf3 Nbd7 5. Be2 e6 6. d4 Bd6 7. O-O O-O 8. c4 Re8 9. Ba3 Bxa3 10. Nxa3 e5 11. dxe5 Nxe5 12. Nxe5 Rxe5 13. Bf3 Be6 14. Qd4 Rg5 15. Rad1 Qe7 16. cxd5 Bxd5 17. Bxd5 Rxd5 18.
Qa4 Ne4 19. Rxd5 cxd5 20. Nb5 a6 21. Nd4 Rc8 22. Qa5 Rc5 23. Qb6 g6 24. h3 Nc3 25.
a4 Ne4 26. Qb4 Rc7 27. Qb6 Kg7 28. Nf3 Rc3 29. Qd4+ Qf6 30. Qxd5 Nc5 31. b4 Nxa4 32. Qxb7 Rb3 33. Nd4 Nc5 34. Qa7 Nd3 35. Nxb3 Nxb4 36. Nd4 Nd3 37. Qc7 h5 38. Qc6 Qe5 39. Qxa6 Nc5 40.
Qb5 Qd6 41. Rc1 Ne4 42. Qc6 Qe5 43. Rf1 Nd2 44. Rd1 Ne4 45. Qc4 Qf6 46. Nf3 g5 47.
Qd4 Qxd4 48. Rxd4 Nf6 49. Nxg5 Kg6 50. Ne4 Ne8 51. Nd6 Nf6 52. f3 Nd7 53. Kf2 Ne5 54.
Ne4 f5 55. Rd5 Nf7 56. Ng3 Nh6 57. Nxf5 Nxf5 58. Rxf5 Kxf5 59. Kg3 Kg5 60. e4 h4+ 61. Kf2 Kf4 62. Kg1 Ke5 63. Kf2 Kf4 64. Ke2 Ke5 65.
Ke3 Kf6 66. f4 Ke6 67. Kf3 Kf6 68. Kg4 1-0

[Event "*** Titled Tuesday Blitz"]
[Site "Chess.com"]
[Date "2021.04.27"]
[Round "5"]
[White "kingofthenil"]
[Black "ChristopherYoo"]
[Result "0-1"]
[WhiteElo "2645"]
[BlackElo "2944"]
[TimeControl "180+1"]
[EndTime "10:57:29 PDT"]
[Termination "ChristopherYoo won on time"]

1. e4 c5 2. d3 d5 3. exd5 Nf6 4. c4 e6 5. dxe6 Bxe6 6. Nf3 Nc6 7. Be2 Be7 8. O-O O-O 9. Nc3 Qd7 10. Bg5 Rad8 11. Re1 h6 12. Bh4 Nh5 13. Bxe7 Qxe7 14. Qd2 Bxc4 15. Bf1 Be6 16. Rad1 Nf6 17. Qf4 Nd4 18.
Nxd4 Rxd4 19. Qe5 Rfd8 20. h3 b6 21. Re3 Qd6 22. Qxd6 R4xd6 23. Rde1 Nd5 24. Nxd5 Rxd5 25.
g4 h5 26. gxh5 Rxh5 27. a3 Rhd5 28. Rg3 Kf8 29. Ree3 Bf5 30. Be2 g6 31. Kf1 Rd4 32. Ke1 R8d6 33. Kd2 c4 34. Kc3 cxd3 35. Bxd3 Rf4 36.
Bxf5 Rxf5 37. Ref3 Rc5+ 38. Kb3 Rb5+ 39. Ka2 Rd2 40. Rb3 Rxb3 41. Kxb3 Rxf2 42. a4 Rf4 43. Ka3 a5 44. Rc3 Rb4 45. b3 Kg7 46. Rf3 f5 47. Kb2 Kf6 48. Kc3 g5 49. Rg3 Re4 50. Rd3 f4 51. Rd8 Re3+ 52. Kd4 Rxb3 53. Rf8+ Kg7 54. Rf5 Kg6 55. Rf8 Rxh3 56. Ke5 Re3+ 57. Kd4 Ra3 58. Ke5 Rxa4 59. Rg8+ Kh6 60. Kf5 f3 61. Rg6+ Kh7 62. Rxg5 f2 63. Rh5+ Kg7 64. Rh1 Ra2 65. Ke4 Re2+ 66.
Kd3 Re1 67. Rh2 f1=Q+ 0-1

[Event "*** Titled Tuesday Blitz"]
[Site "Chess.com"]
[Date "2021.04.27"]
[Round "5"]
[White "tapu2"]
[Black "laboratorio25"]
[Result "1/2-1/2"]
[WhiteElo "2714"]
[BlackElo "2541"]
[TimeControl "180+1"]
[EndTime "10:57:30 PDT"]
[Termination "Game drawn - insufficient material"]

1. e4 c5 2. Nc3 Nc6 3. Bb5 Nd4 4. Nf3 g6 5. Nxd4 cxd4 6. Ne2 Bg7 7. c3 a6 8. Bd3 dxc3 9. dxc3 d5 10. O-O Nf6 11.
e5 Nd7 12. f4 O-O 13. Be3 Qc7 14. Bc2 e6 15. Qd4 b5 16. a4 Bb7 17. axb5 axb5 18.
Bd3 Bc6 19. Qb4 Rfb8 20. Nd4 Bf8 21. Qb3 Rxa1 22. Rxa1 Nc5 23. Qc2 Nxd3 24. Qxd3 b4 25. Rc1 Qb7 26. cxb4 Bd7 27. Bd2 Bxb4 28. Bxb4 Qxb4 29. b3 Kg7 30. Qc3 Qxc3 31. Rxc3 Rb4 32. Rd3 Bb5 33. Rd2 Ba6 34. Kf2 Rb8 35. Ke3 Rc8 36. Rc2 Rb8 37. Rc6 Bf1 38. Kf2 Bd3 39.
Ke3 Be4 40. g4 h6 41. Rc7 Kf8 42. h4 g5 43. hxg5 hxg5 44. f5 exf5 45. gxf5 Re8 46. e6 fxe6 47. fxe6 Re7 48. Rc8+ Kg7 49. b4 Kf6 50.
Rf8+ Kg7 51. Rf2 Ra7 52. Nc6 Rc7 53. Ne5 Re7 54. Rf7+ Rxf7 55. exf7 Bf5 56. Kd4 g4 57. b5 g3 58. Ke3 d4+ 59. Kf3 d3 60. Nc4 d2 61. Nxd2 Kxf7 62. Kxg3 Bd3 63. Kf4 Bxb5 1/2-1/2

[Event "*** Titled Tuesday Blitz"]
[Site "Chess.com"]
[Date "2021.04.27"]
[Round "5"]
[White "Vigorito-NE"]
[Black "csati17"]
[Result "1-0"]
[WhiteElo "2541"]
[BlackElo "2569"]
[TimeControl "180+1"]
[EndTime "10:57:30 PDT"]
[Termination "Vigorito-NE won by resignation"]

1. d4 Nf6 2. c4 e6 3. g3 Bb4+ 4. Bd2 Qe7 5. Nf3 O-O 6. Bg2 Nc6 7. O-O Bxd2 8. Qxd2 e5 9. d5 Nb8 10. Nc3 d6 11. e4 a5 12. a3 Na6 13. b4 b6 14.
Rab1 Bg4 15. Ne1 Nd7 16. h3 Bh5 17. Nd3 Bg6 18. Rfe1 f5 19. exf5 Bxf5 20. Ne4 Nf6 21. Ng5 Rab8 22. f4 h6 23. fxe5 hxg5 24. exf6 Qxf6 25.
Nf2 Bxb1 26. Rxb1 Qg6 27. Ne4 g4 28. h4 b5 29. c5 dxc5 30. bxa5 b4 31. axb4 Rxb4 32.
Re1 Re8 33. Qf4 Kh8 34. Kh2 Rd4 35. Qf1 Nb4 36. Ng5 Rxe1 37. Qxe1 Nxd5 38. a6 Nb6 39. a7 Rd8 40. Qe7 Rc8 41. Be4 Qf6 42. Qxc5 Qb2+ 43. Bg2 Kg8 44. Qf5 Qf6 45. Qh7+ Kf8 46. Qh8+ Ke7 47.
Qxc8 Nxc8 48. a8=Q Nd6 49. Qd5 Qf2 50. Ne4 Nxe4 51. Qxe4+ Kd6 52. Qxg4 c5 53. Qxg7 c4 54. Qg6+ Kc5 55. Qe4 c3 56. Qc6+ Kb4 57. h5 c2 58. h6 Kb3 59. h7 Qf5 60. Qd5+ Qxd5 61. Bxd5+ Kb4 62. h8=Q c1=Q 63. Bg2 Qc7 64. Qh4+ Kb5 65.
Qg5+ Kc4 66. Qf4+ 1-0

[Event "*** Titled Tuesday Blitz"]
[Site "Chess.com"]
[Date "2021.04.27"]
[Round "5"]
[White "lamomiablanca"]
[Black "dragos420"]
[Result "1-0"]
[WhiteElo "2408"]
[BlackElo "2548"]
[TimeControl "180+1"]
[EndTime "10:57:30 PDT"]
[Termination "lamomiablanca won by resignation"]

1. e4 e5 2. Nf3 Nc6 3. Nc3 Nf6 4. d4 exd4 5. Nxd4 Bb4 6. Nxc6 bxc6 7. Bd3 O-O 8. O-O d5 9. exd5 cxd5 10. h3 h6 11. Qf3 c6 12. Bf4 Bd6 13. Rfe1 Rb8 14. b3 Qc7 15. Bxh6 Rb4 16. Bd2 Bf4 17. Nb5 Bh2+ 18.
Kh1 Rxb5 19. Bxb5 cxb5 20. g3 Qxc2 21. Bb4 Qh7 22. Bxf8 Bxh3 23. Be7 Bg4 24. Qg2 Bxg3+ 25. Kg1 Ne4 26. Rxe4 Bf3 27. Qxf3 Qh2+ 28. Kf1 dxe4 29.
Qxg3 Qh1+ 30. Qg1 Qf3 31. Re1 Qd3+ 32. Kg2 Qf3+ 33. Kh2 Qh5+ 34. Kg2 Qf3+ 35. Kf1 Qd3+ 36. Re2 Qd1+ 37. Kg2 Qxe2 38. Qc1 Qf3+ 39. Kg1 Qg4+ 40. Kf1 Qh3+ 41. Ke1 Kh7 42. Bc5 Qh1+ 43. Kd2 Qf3 44. Be3 Qf5 45. Qc5 Qd7+ 46. Qd4 Qc6 47. a4 bxa4 48.
bxa4 a5 49. Kd1 Qe8 50. Ke2 g6 51. Qc5 Qxa4 52. Qd4 Qc2+ 53. Bd2 Qb1 54. Qd7 Qd3+ 55. Qxd3 exd3+ 56. Kxd3 g5 57. Bxg5 Kg6 58. Be3 Kf5 59.
Bd2 Kg4 60. Bxa5 Kf3 61. Bb6 f5 62. Kd2 Ke4 63. Ke2 f4 64. f3+ Ke5 65. Kd3 Kf5 66. Kd4 Kg5 67. Ke4 1-0

[Event "*** Titled Tuesday Blitz"]
[Site "Chess.com"]
[Date "2021.04.27"]
[Round "5"]
[White "elohunter1999"]
[Black "adnan_nn"]
[Result "0-1"]
[WhiteElo "2492"]
[BlackElo "2683"]
[TimeControl "180+1"]
[EndTime "10:57:31 PDT"]
[Termination "adnan_nn won by checkmate"]

1. d4 Nf6 2. c4 g6 3. f3 Bg7 4. e4 O-O 5. Nc3 d6 6. Be3 c5 7.
dxc5 dxc5 8. Qxd8 Rxd8 9. Bxc5 Nc6 10. Nge2 Nd7 11. Be3 Nde5 12. Nf4 Nb4 13. Rc1 g5 14. Nfd5 Nbd3+ 15. Bxd3 Nxd3+ 16. Ke2 Nxc1+ 17. Rxc1 Bd7 18. Bxg5 f6 19. Be3 e6 20. Nf4 Kf7 21. b3 b6 22.
a4 Bc6 23. Nd3 Rd7 24. a5 Rad8 25. Nb4 Bb7 26. axb6 axb6 27. Rc2 Bf8 28. Nba2 Bc5 29. Nc1 Bc6 30. Bxc5 bxc5 31. Ke3 Ke7 32. N1e2 Rd3+ 33. Kf2 Rd2 34. Rc1 Rb2 35. Ra1 Rd3 36. Kg3 Rxb3 37.
Ra7+ Kd6 38. Nb5+ Bxb5 39. cxb5 Rxb5 40. Rxh7 c4 41. Rh8 Ke7 42. Rh7+ Kd6 43. Rh8 Kc7 44. Nf4 Rd6 45. Re8 Rbb6 46. Ne2 Rbc6 47. Nc3 Rd3 48. Nb5+ Kb6 49. Rb8+ Kc5 50. h4 Rb6 51. Rc8+ Kxb5 52. h5 Rc6 53. Rb8+ Kc5 54. h6 Rd7 55. Rg8 c3 56.
Rg7 Rxg7+ 57. hxg7 Rc8 58. Kf4 c2 59. g4 c1=Q+ 60.
Kg3 Kd4 61. g5 Qxg5+ 62. Kf2 Qxg7 63. f4 Rc2+ 64. Kf3 Qg2# 0-1

[Event "*** Titled Tuesday Blitz"]
[Site "Chess.com"]
[Date "2021.04.27"]
[Round "5"]
[White "Das_Virus_2020"]
[Black "Kaua18"]
[Result "0-1"]
[WhiteElo "2502"]
[BlackElo "2369"]
[TimeControl "180+1"]
[EndTime "10:57:31 PDT"]
[Termination "Kaua18 won on time"]

1. e4 c6 2. d4 d5 3. Nc3 dxe4 4.
Nxe4 Nf6 5. Nxf6+ exf6 6. Be2 Bd6 7. Bf3 O-O 8. Ne2 Re8 9. c4 Nd7 10. O-O Nf8 11. c5 Bc7 12. Nc3 Ng6 13. d5 cxd5 14.
Nxd5 Ne5 15. Be3 Be6 16. Nxc7 Qxc7 17. Be2 Rad8 18. Qa4 Bd7 19. Qxa7 Bc6 20. Qb6 Qb8 21. Rad1 Rxd1 22. Rxd1 h5 23. h3 g6 24. Qb4 Qa8 25. a3 b6 26. Bf1 bxc5 27. Qxc5 Kg7 28. b4 Qxa3 29. b5 Qxc5 30. Bxc5 Bb7 31. Be3 Rc8 32. Ra1 Nc4 33. Ra7 Nxe3 34. fxe3 Be4 35. b6 Rb8 36. Ra6 Bb7 37. Ra2 Bd5 38. Rb2 f5 39. Kf2 Kf6 40.
Be2 Ke5 41. Bf3 Bxf3 42. Kxf3 g5 43. Rb5+ Ke6 44. h4 g4+ 45. Kf4 f6 46. b7 Kf7 47.
Kxf5 Ke7 48. e4 Kf7 49. Rb6 Ke7 50. g3 Kd7 51. Kxf6 Kc7 52. Rb3 Rf8+ 53. Kg5 Kb8 54. Kxh5 Rf3 55. Rb5 Rxg3 56. Kg5 Re3 57. h5 g3 58. h6 g2 59. Rb1 Rg3+ 0-1

[Event "*** Titled Tuesday Blitz"]
[Site "Chess.com"]
[Date "2021.04.27"]
[Round "5"]
[White "starworld123"]
[Black "scandalgod"]
[Result "1-0"]
[WhiteElo "2757"]
[BlackElo "2584"]
[TimeControl "180+1"]
[EndTime "10:57:32 PDT"]
[Termination "starworld123 won by resignation"]

1. e4 e5 2. Nf3 Nc6 3. Bb5 a6 4. Ba4 d6 5. O-O Bg4 6. h3 h5 7. c3 Qf6 8. d4 Bxf3 9. Qxf3 Qxf3 10. Bxc6+ bxc6 11. gxf3 exd4 12. cxd4 Rb8 13. Nc3 Ne7 14. b3 Ng6 15. Be3 Be7 16. Rac1 f5 17. Ne2 Kd7 18. Rc3 Nh4 19. Bf4 g5 20. Bg3 g4 21.
hxg4 hxg4 22. Bxh4 Rxh4 23. Rfc1 gxf3 24. Ng3 f4 25.
Rxc6 fxg3 26. Rxc7+ Ke6 27. d5+ Kf6 28. e5+ dxe5 29.
R1c6+ Kf5 30. Rxe7 g2 31. Rf7+ Kg5 32. Rxf3 Rd4 33.
Rg3+ Kf5 34. Kxg2 Rxd5 35. Rxa6 Rd2 36. Ra4 Rc8 37. Rf3+ Ke6 38. Ra6+ Kd5 39. Ra5+ Ke6 40. Re3 Rcc2 41. Rexe5+ Kd6 42. Rf5 Rb2 43. Ra6+ Ke7 44.
Kg3 Rb1 45. f3 Rg1+ 46. Kf4 Rf1 47. Ra7+ Kd6 48. Ra6+ Ke7 49. Re5+ Kd7 50. Re3 Rd4+ 51. Re4 Rd3 52. Ke5 Rfxf3 53. Rd4+ Kc7 54. Rxd3 Rxd3 55. Ke4 Rd1 56. Ra4 Kb6 57. Rd4 Ra1 58. Rd2 Kc5 59.
Kd3 Kb4 60. Rc2 Rd1+ 61. Ke2 Rd4 62. Ke3 Rh4 63. Kd3 Rh3+ 64. Kd4 Rh4+ 65. Kd5 Rh5+ 66. Kc6 Rh6+ 67. Kb7 Rh7+ 68. Kb6 Rh6+ 69. Rc6 Rh4 70. Rc4+ Rxc4 71. bxc4 1-0

[Event "*** Titled Tuesday Blitz"]
[Site "Chess.com"]
[Date "2021.04.27"]
[Round "5"]
[White "Taktikmonster"]
[Black "Bad_left_hook"]
[Result "1/2-1/2"]
[WhiteElo "2417"]
[BlackElo "2569"]
[TimeControl "180+1"]
[EndTime "10:57:33 PDT"]
[Termination "Game drawn - insufficient material"]

1. e4 c5 2. Nf3 d6 3. d4 cxd4 4. Nxd4 Nf6 5. Nc3 a6 6. Be2 Nbd7 7. Be3 e6 8. g4 h6 9. f4 g5 10. f5 e5 11. Nb3 b5 12. a3 Bb7 13. Bf3 Rc8 14.
Qd3 Nc5 15. Nxc5 dxc5 16. O-O-O Qxd3 17. Rxd3 b4 18. axb4 cxb4 19. Nd5 Bxd5 20. exd5 e4 21. Bxe4 Nxe4 22. Bd4 Kd7 23. Bxh8 Nf2 24. Rhd1 Nxd1 25. Kxd1 Bd6 26. Bg7 Bxh2 27. Rh3 Bf4 28. Rxh6 Rc5 29. Rxa6 Rxd5+ 30. Ke1 Rd2 31. Ra7+ Kc8 32. Rxf7 Rxc2 33. Bd4 Rg2 34. Bf6 Rxg4 35. Rg7 Rg2 36. Bd4 g4 37. f6 Bh6 38. Rg8+ Kd7 39. f7 Ke6 40. f8=Q Bxf8 41. Rxf8 Kd5 42. Bh8 Rc2 43. Rg8 Rc4 44. Kf2 Rf4+ 45.
Kg3 Rf3+ 46. Kxg4 Rf2 47. Rb8 Kc4 48. Rc8+ Kb3 49. Kg3 Rf7 50. Be5 Ka2 51. Rb8 b3 52. Kg4 Kb1 53. Kg5 Kc2 54. Bf6 Rd7 55. Kf5 Rd1 56.
Rc8+ Kb1 57. Be5 Rd2 58. Ke4 Rc2 59. Rb8 Rd2 60. Rxb3 Re2+ 61. Re3 Rc2 62. b4 Rc4+ 63. Bd4 Rxb4 64. Rc3 Ka2 65. Kd3 Rb3 66. Rxb3 Kxb3 1/2-1/2